 Dungeon Crawl Stone Soup version 0.30-a0-424-g7412bad402 (webtiles) character file.

Game seed: 298663704694300588

28149 arthad the Geomancer (level 13, -12/83 HPs)
             Began as a Gargoyle Earth Elementalist on Dec 10, 2022.
             Was an Elder of Vehumet.
             Shot with an arrow by a centaur warrior (17 damage)
             ... on level 13 of the Dungeon.
             The game lasted 01:13:00 (16346 turns).

arthad the Geomancer (Gargoyle Earth Elementalist) Turns: 16346, Time: 01:13:01

Health: -12/83     AC: 14    Str: 18    XL:     13   Next: 37%
Magic:  22/25      EV: 14    Int: 21    God:    Vehumet [****..]
Gold:   554        SH:  5    Dex: 13    Spells: 2/28 levels left

rFire   . . .      SeeInvis .    b - staff of conjuration
rCold   . . .      Faith    .    (no shield)
rNeg    + . .      Spirit   .    P - +1 robe of Freedom {Dex+3 Archmagi}
rPois   ∞          Reflect  +    N - +0 helmet
rElec   +          Harm     .    (no cloak)
rCorr   +          Rampage  .    (no gloves)
Will    .....      Archmagi +    (no boots)
Stlth   ++++......               K - amulet of reflection
HPRegen 0.33/turn                D - +6 ring of strength
MPRegen 0.19/turn                p - ring "Ecwuyshaast" {rPois rCorr Slay+4}

@: no status effects
A: sickness immunity, AC +9, negative energy resistance 1, electricity
resistance, torment resistance 1, petrification resistance, robust 1
a: Renounce Religion


You were on level 13 of the Dungeon.
You worshipped Vehumet.
Vehumet was greatly pleased with you.
You visited 1 branch of the dungeon, and saw 13 of its levels.
You also visited: Gauntlet.

You collected 983 gold pieces.
You spent 429 gold pieces at shops.

Inventory:

Hand Weapons
 x - the +8 sling "Joymudeth" {flame, Dex+2}
   (You found it in a Gauntlet)

   Any ammunition fired from it burns those it strikes, dealing additional fire
   damage.
   Dex:       It affects your dexterity (+2).
 C - the +9 rapier of Exhibitionism {vorpal, Will+ Str+2}
   (You found it on level 11 of the Dungeon)

   It inflicts extra damage upon your enemies.
   Str:       It affects your strength (+2).
   Will:      It increases your willpower.
 M - a +2 spectral broad axe
 U - a +1 scimitar of flaming
Missiles
 c - 3 boomerangs of dispersal
 f - 2 throwing nets
 i - 5 datura-tipped darts
 k - 16 poisoned darts
 u - 6 curare-tipped darts
Armour
 j - a +1 robe of fire resistance
 N - a +0 helmet (worn)
 P - the +1 robe of Freedom (worn) {Dex+3 Archmagi}
   (You bought it in a shop on level 7 of the Dungeon)

   Dex:       It affects your dexterity (+3).
   Archmagi:  It increases the power of your magical spells.
 Y - the +1 leather armour of the Arena {rElec rF+ rN+ Will+}
   (You found it on level 12 of the Dungeon)

   rF:        It protects you from fire.
   rElec:     It insulates you from electricity.
   rN:        It protects you from negative energy.
   Will:      It increases your willpower.
Magical Staves
 b - a staff of conjuration (weapon)
Jewellery
 p - the ring "Ecwuyshaast" (right hand) {rPois rCorr Slay+4}
   (You acquired it on level 9 of the Dungeon)

   [ring of slaying]

   Slay:      It affects your accuracy & damage with ranged weapons and melee
   (+4).
   rPois:     It protects you from poison.
   rCorr:     It protects you from acid and corrosion.
 A - a ring of protection from cold
 D - a +6 ring of strength (left hand)
 J - the ring "Taxkaih" {rPois MP+9}
   (You took it off a minotaur in a Gauntlet)

   [ring of magical power]

   rPois:     It protects you from poison.
   MP:        It affects your magic capacity (+9).
 K - an amulet of reflection (around neck)
 O - an amulet of guardian spirit
 Q - a +4 ring of protection
 V - a +4 ring of evasion
Wands
 y - a wand of polymorph (25)
 z - a wand of flame (22)
 G - a wand of acid (15)
 T - a wand of roots (12)
Scrolls
 a - 2 scrolls of fear
 d - 2 scrolls of enchant armour
 e - 2 scrolls of identify
 g - 7 scrolls of teleportation
 l - 2 scrolls of vulnerability
 s - 2 scrolls of amnesia
 v - 3 scrolls of magic mapping
 E - 3 scrolls of enchant weapon
 F - 4 scrolls of fog
 I - a scroll of summoning
 S - 3 scrolls of poison
 X - 2 scrolls of silence
 Z - a scroll of immolation
Potions
 m - 3 potions of haste
 n - a potion of flight
 o - 3 potions of curing
 q - 2 potions of brilliance
 r - 2 potions of lignification
 w - 4 potions of might
 B - 2 potions of mutation
 H - a potion of cancellation
 L - a potion of ambrosia
 W - a potion of invisibility
Miscellaneous
 t - a lightning rod (4/4)
 R - a box of beasts


   Skills:
 + Level 7.0 Fighting
 + Level 6.0 Staves
 + Level 6.6 Armour
 + Level 5.2 Dodging
 + Level 8.0 Stealth
 * Level 8.4 Spellcasting
 * Level 8.5 Conjurations
 + Level 2.3 Hexes
 - Level 5.0 Transmutations
 * Level 4.4 Fire Magic
 * Level 11.2 Earth Magic
 - Level 3.3 Poison Magic
 + Level 3.4 Evocations


You had 2 spell levels left.
You knew the following spells:

 Your Spells              Type           Power      Damage    Failure   Level
a - Sandblast             Erth           100%       2d20      1%          1
b - Starburst             Conj/Fire      34%        6d10      21%         6
c - Stone Arrow           Conj/Erth      100%       3d13      1%          3
d - Magic Dart            Conj           100%       1d8       1%          1
e - Petrify               Tmut/Erth      59%        N/A       2%          4
f - Foxfire               Conj/Fire      100%       2x1d9     1%          1
g - Scorch                Fire           82%        2d9       1%          2
h - Ignite Poison         Fire/Tmut/Pois 40%        N/A       1%          3
i - Yara's Violent Unrav  Hex/Tmut       18%        3d9       13%         5

Your spell library contained the following spells:

 Spells                   Type           Power      Damage    Failure   Level
 Sting                    Tmut/Pois      100%       1d8       1%          1
 Passwall                 Tmut/Erth      49%        N/A       1%          2
 Poisonous Vapours        Pois/Air       46%        N/A       1%          2
 Slow                     Hex            100%       N/A       3%          1
 Ensorcelled Hibernation  Hex/Ice        40%        N/A       7%          2
 Apportation              Tloc           26%        N/A       8%          1
 Necrotise                Necr           52%        1d6       8%          1
 Summon Small Mammal      Summ           52%        N/A       8%          1
 Iskenderun's Battlesphe  Conj           79%        2d13      1%          5
 Kindle Blastsparks       Fire/Tloc/Air  44%        2d13      3%          3
 Leda's Liquefaction      Hex/Erth       27%        N/A       4%          4
 Fireball                 Conj/Fire      34%        3d14      4%          5
 Olgreb's Toxic Radiance  Pois           34%        N/A       5%          4
 Confusing Touch          Hex            27%        N/A       9%          3
 Portal Projectile        Hex/Tloc       40%        N/A       14%         3
 Freezing Cloud           Conj/Ice/Air   23%        6-21      17%         5
 Call Canine Familiar     Summ           13%        N/A       22%         3
 Gell's Gravitas          Tloc           13%        N/A       22%         3
 Lesser Beckoning         Tloc           26%        N/A       22%         3
 Ozocubu's Armour         Ice            13%        N/A       22%         3
 Swiftness                Air            13%        N/A       22%         3
 Teleport Other           Tloc           13%        N/A       22%         3
 Vampiric Draining        Necr           13%        2d6       22%         3
 Alistair's Intoxication  Tmut/Pois      26%        N/A       36%         5
 Orb of Destruction       Conj           39%        9d11      41%         7
 Conjure Ball Lightning   Conj/Air       28%        3x3d9     45%         6
 Metabolic Englaciation   Hex/Ice        10%        N/A       78%         5
 Simulacrum               Ice/Necr       6%         N/A       100%        6
 Polar Vortex             Ice            6%         N/A       100%        9


Dungeon Overview and Level Annotations

Branches:
Dungeon (13/15)            Temple (0/1) D:6            Lair (0/5) D:8
    Orc (0/2) D:11        Gauntlet (visited)
 Vaults: D:13-14

Altars:
Cheibriados
Dithmenos
Elyvilon
Gozag
Kikubaaqudgha
Makhleb
Okawaru
Qazlal
Ru
Uskayaw
Vehumet
Wu Jian
Xom
Yredelemnul
The Shining One

Shops:
D:5 =   D:7 [   D:8 (   D:10 *   D:13 (


Innate Abilities, Weirdness & Mutations

You are immune to sickness and miasma.
Your stone body is resilient. (AC +9)
You are immune to poison.
You resist negative energy. (rN+)
You are resistant to electric shocks. (rElec)
You are resistant to unholy torment.
You are immune to petrification.
You are robust. (+10% HP)


Message History

You feel a strong surge of power!
The stone arrow hits the centaur!
The centaur is heavily wounded.
The centaur shouts!
A centaur warrior comes into view.
The centaur wields a +0 shortbow.
The centaur shoots an arrow.
The arrow barely misses you.
Unknown command.
Casting: Stone Arrow (safe; 1% risk of failure)
Confirm with . or Enter, or press ? or * to list all spells.
Aiming: Stone Arrow (safe; 1% risk of failure)
Press: ? - help, Shift-Dir - straight line, f/p - centaur
Aim: a centaur, wielding a +0 shortbow (heavily wounded, 87% to hit)
You feel a strong surge of power!
The stone arrow hits the centaur!!
You kill the centaur!
Vehumet accepts your kill.
You feel your power returning.
The centaur warrior wields a +0 longbow.
The centaur warrior shoots an arrow.
The arrow hits you!
The centaur warrior shoots an arrow.
You reflect the arrow off an invisible shield around you!
The arrow barely misses the centaur warrior.
The centaur warrior shoots an arrow.
The arrow barely misses you.
You see here a ring of protection from cold.
Found 4 stones.
The centaur warrior shoots an arrow.
The arrow closely misses you.
The centaur warrior shoots an arrow.
The arrow hits you!!
The centaur warrior shoots an arrow.
The arrow hits you!
The centaur warrior shoots an arrow.
The arrow hits you.
The centaur warrior shoots an arrow.
The arrow hits you!!
* * * LOW HITPOINT WARNING * * *
The centaur warrior shoots an arrow.
The arrow hits you.
* * * LOW HITPOINT WARNING * * *
The centaur warrior shoots an arrow.
The arrow hits you.
* * * LOW HITPOINT WARNING * * *
The centaur warrior shoots an arrow.
The arrow closely misses you.
Blink to where?
Press: ? - help, Dir - move target
As you read the scroll of blinking, it crumbles to dust.
The centaur warrior shoots an arrow.
The arrow hits you!
You die...

##################
#.(@......§......#
#.##.............§ #
##.§≈≈≈≈≈≈≈≈≈≈≈.
.##.≈..§......§§§
####.#
#.§.≈§≈≈≈≈≈≈§§§
#....#
#§§§§......≈§≈.
#####.####
#§≈§§§≈≈≈§.§§≈.
#.....#
#.§.≈§§c.§.≈.≈.
#.....######.≈.≈.§§§


You could see a centaur warrior.

Vanquished Creatures
  A minotaur (Gauntlet)
  Josephine (D:10)
  Erolcha (D:13)
  Erica (D:10)
  3 centaur warriors
  4 two-headed ogres
  A wizard (Gauntlet)
  2 ugly things (D:13)
  6 cyclopes
  A water nymph (shapeshifter) (D:12)
  6 gargoyles (D:8)
  2 kobold demonologists
  Maggie (D:8)
  A tengu conjurer (D:12)
  4 trolls
  A meliai (shapeshifter) (D:13)
  A hornet (D:10)
  Prince Ribbit (D:6)
  3 slime creatures (D:12)
  3 shadows (Gauntlet)
  10 yaks
  5 humans (D:6)
  2 wyverns
  5 wraiths (D:10)
  3 steam dragons
  22 vampire mosquitoes
  2 acid dragons
  4 swamp worms
  A two-headed ogre zombie (D:11)
  A water moccasin (D:8)
  3 ice beasts
  2 orc warriors (D:8)
  A black bear (D:7)
  A sky beast (D:6)
  2 ogres
  11 centaurs
  3 phantoms (D:11)
  2 kobold brigands
  8 bullfrogs
  2 necrophages
  3 scorpions
  2 gnoll sergeants
  12 wights
  A troll zombie (D:11)
  7 killer bees
  3 vampire bats (D:3)
  4 howler monkeys
  5 hounds
  3 jellies
  7 orc priests
  A gnoll bouda (D:5)
  3 iguanas
  8 orc wizards
  6 ogre zombies (D:11)
  23 gnolls
  10 adders
  A shadow imp (Gauntlet)
  3 white imps
  3 dart slugs
  22 orcs
  5 bat skeletons (D:3)
  A bat zombie (D:3)
  8 endoplasms
  5 giant cockroaches
  14 goblins
  2 hobgoblins (D:2)
  11 jackals
  3 quokkas
  5 ball pythons
  6 bats
  6 frilled lizards
  2 goblin skeletons (D:11)
  3 goblin zombies (D:11)
  2 hobgoblin skeletons (D:11)
  2 hobgoblin zombies (D:11)
  9 kobolds
  5 orc skeletons (D:11)
  11 orc zombies (D:11)
  6 rats
367 creatures vanquished.

Vanquished Creatures (others)
  A human (D:13)
  66 foxfires
  8 fungi (D:10)
  2 plants (D:9)
77 creatures vanquished.

Grand Total: 444 creatures vanquished

Notes
Turn   | Place    | Note
-------+----------+-------------------------------------------
     0 | D:1      | arthad the Gargoyle Earth Elementalist began the quest for
                  | the Orb.
     0 | D:1      | Reached XP level 1. HP: 10/10 MP: 3/3
   171 | D:1      | Reached skill level 1 in Transmutations
   171 | D:1      | Reached XP level 2. HP: 15/15 MP: 3/5
   400 | D:1      | Reached XP level 3. HP: 20/20 MP: 0/6
   539 | D:1      | Reached skill level 4 in Earth Magic
   625 | D:1      | Learned a level 2 spell: Passwall
   629 | D:1      | Learned a level 3 spell: Stone Arrow
   931 | D:1      | Found a faded altar of an unknown god.
  1123 | D:2      | Reached skill level 1 in Fighting
  1123 | D:2      | Reached XP level 4. HP: 25/25 MP: 4/7
  1374 | D:2      | Reached skill level 1 in Staves
  1479 | D:2      | Reached XP level 5. HP: 29/29 MP: 5/9
  1667 | D:2      | Reached skill level 1 in Armour
  2251 | D:3      | Found a radiant altar of Vehumet.
  2261 | D:3      | Became a worshipper of Vehumet
  2356 | D:3      | Found a shadowy altar of Dithmenos.
  2401 | D:3      | Found an ancient bone altar of Kikubaaqudgha.
  2404 | D:3      | Reached skill level 1 in Conjurations
  2404 | D:3      | Reached XP level 6. HP: 33/35 MP: 7/10
  2836 | D:3      | Found a shimmering altar of Xom.
  3206 | D:4      | Reached skill level 5 in Earth Magic
  3231 | D:4      | Reached XP level 7. HP: 26/40 MP: 0/12
  3388 | D:4      | Reached * piety under Vehumet
  3388 | D:4      | Offered knowledge of Magic Dart by Vehumet.
  3391 | D:4      | Learned a level 1 spell: Magic Dart
  3396 | D:4      | Learned a level 4 spell: Petrify
  3890 | D:5      | Entered Level 5 of the Dungeon
  4036 | D:5      | Reached XP level 8. HP: 35/45 MP: 0/13
  4139 | D:5      | Found a sacrificial altar of Ru.
  4351 | D:5      | Reached skill level 6 in Earth Magic
  4515 | D:5      | Found Ydess's Jewellery Emporium.
  4649 | D:5      | Found a hide-covered altar of Uskayaw.
  4654 | D:5      | Reached ** piety under Vehumet
  4654 | D:5      | Offered knowledge of Foxfire by Vehumet.
  5049 | D:6      | Found an iron altar of Okawaru.
  5277 | D:6      | Noticed Prince Ribbit
  5418 | D:6      | Reached XP level 9. HP: 51/51 MP: 12/16
  5450 | D:6      | Found a staircase to the Ecumenical Temple.
  5501 | D:6      | Killed Prince Ribbit
  5675 | D:6      | Reached skill level 5 in Spellcasting
  5675 | D:6      | Reached skill level 7 in Earth Magic
  5698 | D:6      | Reached skill level 5 in Stealth
  5965 | D:6      | Learned a level 1 spell: Foxfire
  6663 | D:7      | Found a glowing golden altar of the Shining One.
  6665 | D:7      | Found a stormy altar of Qazlal.
  6736 | D:7      | Found Kaubiocw's Armour Boutique.
  6811 | D:7      | Found an ornate altar of the Wu Jian Council.
  7013 | D:7      | Found a white marble altar of Elyvilon.
  7064 | D:7      | Found a burning altar of Makhleb.
  7131 | D:7      | Reached XP level 10. HP: 58/58 MP: 16/18
  7287 | D:7      | Found an opulent altar of Gozag.
  7288 | D:7      | Found an opulent altar of Gozag.
  7288 | D:7      | Found an opulent altar of Gozag.
  7347 | D:7      | Found an opulent altar of Gozag.
  7380 | D:7      | Reached skill level 8 in Earth Magic
  7670 | D:8      | Found Uthaox's Weapon Shop.
  7845 | D:8      | Offered knowledge of Scorch by Vehumet.
  8029 | D:8      | Learned a level 2 spell: Scorch
  8106 | D:8      | Reached *** piety under Vehumet
  8125 | D:8      | Found a snail-covered altar of Cheibriados.
  8131 | D:8      | Noticed Maggie
  8304 | D:8      | Killed Maggie
  8305 | D:8      | Reached skill level 5 in Conjurations
  8528 | D:8      | Noticed a gargoyle
  8696 | D:8      | Killed a gargoyle
  8697 | D:8      | Reached skill level 1 in Fire Magic
  8779 | D:8      | Noticed a gargoyle
  8797 | D:8      | Killed a gargoyle
  8798 | D:8      | Reached skill level 5 in Fighting
  8981 | D:8      | Noticed a gargoyle
  8984 | D:8      | Noticed a gargoyle
  9045 | D:8      | Offered knowledge of Ignite Poison by Vehumet.
  9050 | D:8      | Learned a level 3 spell: Ignite Poison
  9178 | D:8      | Killed a gargoyle
  9179 | D:8      | Reached skill level 5 in Armour
  9258 | D:8      | Killed a gargoyle
  9259 | D:8      | Reached skill level 9 in Earth Magic
  9259 | D:8      | Reached XP level 11. HP: 47/63 MP: 11/20
  9383 | D:8      | Reached skill level 1 in Poison Magic
  9435 | D:8      | Found a staircase to the Lair.
  9487 | D:9      | Identified a scroll of acquirement
  9487 | D:9      | Acquired the ring "Ecwuyshaast" {rPois rCorr Slay+4}
  9582 | D:7      | Bought the +1 robe of Freedom {Dex+3 Archmagi} for 429 gold
                  | pieces
  9813 | D:8      | Reached skill level 1 in Evocations
 10009 | D:9      | Reached **** piety under Vehumet
 10182 | D:9      | Noticed a two-headed ogre
 10187 | D:9      | Killed a two-headed ogre
 11046 | D:10     | Entered Level 10 of the Dungeon
 11277 | D:10     | Offered knowledge of Yara's Violent Unravelling by Vehumet.
 11284 | D:10     | Learned a level 5 spell: Yara's Violent Unravelling
 11517 | D:10     | Found Zioruosch's Fire Supplies.
 11517 | D:10     | Found a basalt altar of Yredelemnul.
 11517 | D:10     | Noticed a two-headed ogre
 11521 | D:10     | Killed a two-headed ogre
 11521 | D:10     | Noticed Josephine
 11546 | D:10     | Reached skill level 5 in Staves
 11552 | D:10     | Killed Josephine
 11744 | D:10     | Noticed Erica
 11748 | D:10     | Gained mutation: You are robust. (+10% HP) [potion of
                  | mutation]
 11754 | D:10     | Killed Erica
 11755 | D:10     | Reached XP level 12. HP: 73/77 MP: 7/22
 12286 | D:10     | Reached skill level 10 in Earth Magic
 12379 | D:11     | Found a gate leading to a gauntlet.
 12413 | Gauntlet | Entered a Gauntlet
 12413 | Gauntlet | Found a transporter.
 12413 | Gauntlet | Found a transporter.
 12417 | Gauntlet | Found a transporter.
 12417 | Gauntlet | Found a transporter.
 12428 | Gauntlet | Found a transporter.
 12435 | Gauntlet | Found a transporter.
 12444 | Gauntlet | Noticed a catoblepas
 12445 | Gauntlet | Found a transporter.
 12445 | Gauntlet | Found a transporter.
 12469 | Gauntlet | Found a transporter.
 12476 | Gauntlet | Found a transporter.
 12488 | Gauntlet | Found a transporter.
 12506 | Gauntlet | Found a transporter.
 12552 | Gauntlet | Found a transporter.
 12568 | Gauntlet | Found a transporter.
 12668 | Gauntlet | Found a transporter.
 12670 | Gauntlet | Found a large runed translucent door.
 12670 | Gauntlet | Found a large runed translucent door.
 12671 | Gauntlet | Found a large runed translucent door.
 12671 | Gauntlet | Found a large runed translucent door.
 12672 | Gauntlet | Found a runed translucent door.
 12672 | Gauntlet | Found a large runed translucent door.
 12672 | Gauntlet | Found a large runed translucent door.
 12672 | Gauntlet | Found a runed translucent door.
 12672 | Gauntlet | Found a large runed translucent door.
 12672 | Gauntlet | Found a large runed translucent door.
 12673 | Gauntlet | Found a large runed translucent door.
 12673 | Gauntlet | Found a large runed translucent door.
 12676 | Gauntlet | Found a large runed translucent door.
 12676 | Gauntlet | Found a large runed translucent door.
 12680 | Gauntlet | Found a large runed translucent door.
 12680 | Gauntlet | Found a large runed translucent door.
 12681 | Gauntlet | Found a runed translucent gate.
 12681 | Gauntlet | Found a runed translucent gate.
 12681 | Gauntlet | Found a runed translucent gate.
 12683 | Gauntlet | Found a transporter.
 12693 | Gauntlet | Found a large runed translucent door.
 12694 | Gauntlet | Found a large runed translucent door.
 13139 | Gauntlet | Identified the +8 sling "Joymudeth" {flame, Dex+2}
 13183 | Gauntlet | Identified the ring "Taxkaih" {rPois MP+9}
 13183 | Gauntlet | Noticed a minotaur
 13198 | Gauntlet | Killed a minotaur
 13350 | D:11     | Identified the +9 rapier of Exhibitionism {vorpal, Will+
                  | Str+2}
 13574 | D:11     | Found a staircase to the Orcish Mines.
 13665 | D:11     | Reached ***** piety under Vehumet
 13684 | D:11     | Offered knowledge of Starburst by Vehumet.
 14395 | D:12     | Reached skill level 1 in Hexes
 14720 | D:12     | Learned a level 6 spell: Starburst
 14816 | D:12     | Noticed a two-headed ogre
 14819 | D:12     | Noticed a centaur warrior
 14824 | D:12     | Killed a two-headed ogre
 14827 | D:12     | Killed a centaur warrior
 14965 | D:12     | Reached skill level 5 in Dodging
 14970 | D:12     | Reached skill level 5 in Transmutations
 15200 | D:12     | Reached XP level 13. HP: 69/83 MP: 8/25
 15232 | D:12     | Identified the +1 leather armour of the Arena {rElec rF+
                  | rN+ Will+}
 15636 | D:13     | Reached skill level 11 in Earth Magic
 15962 | D:13     | Noticed Erolcha
 15968 | D:13     | Killed Erolcha
 16327 | D:13     | Found Gacwal's Weapon Shoppe.
 16346 | D:13     | Shot with an arrow by a centaur warrior

Illustrated notes

Levels and vault maps discovered:
D:1:      amcnicky_arrival_single_pillar, layout_loops_ring, serial_glass,
          glass_columns_a, glass_columns_a, minmay_strange_pillars,
          feat_on_display, hellmonk_ecumenical_altar_inner_sanctum,
          minmay_tetromino_s4
D:2:      layout_loops_ring, minmay_crystal_water
D:3:      layout_basic, mainiacjoe_overflow_alcove_1, nicolae_vehumet_radiance,
          kennysheep_vampire_church, grunt_dithmenos_smoke
D:4:      layout_basic, minmay_misc_feat_square
D:5:      layout_basic, nicolae_ru_great_annihilating_truth,
          eat_drink_and_be_merry_uskayaw, serial_shops, nicolae_stop_n_shop_2,
          kb_lookout_dungeons_type, nrook_mini_backslash
D:6:      layout_layer_cave, okawaru_trees_2, minmay_temple_entry_mini_moons,
          minmay_ruffians, uniq_prince_ribbit1
D:7:      layout_loops_corners, mainiacjoe_overflow_six_doors_small,
          nzn_wu_jian_contemplation, nicolae_gozag_conspicuous_consumption,
          elyvilon_altar_1, mainiacjoe_overflow_catwalk_spiral, serial_shops,
          shop
D:8:      cheibrodos_statue_roulette, layout_rooms, lemuel_crystal_altar,
          lair_entry_dummy, serial_shops, nicolae_diamond_shop,
          eino_tiny_chamber, minmay_alternating_orb, uniq_maggie
D:9:      layout_grid_maze, worms_lemuel
D:10:     layout_loops_ring, mainiacjoe_overflow_cross_hatched,
          nicolae_shop_fire_sale [nicolae_sub_dead_trees], uniq_josephine,
          uniq_erica
D:11:     layout_roguey, zombieorc2_lemuel, gauntlet_entry_generic
D:12:     layout_cave_pools, lightli_fourway_metalbox
D:13:     layout_rooms, ximxim_vaults_locker_room, serial_shops,
          kennysheep_mini_moat, nicolae_take_the_stairs,
          nicolae_inconvenience_store, eino_tiny_chamber, drop_trap,
          uniq_erolcha

Skill      XL: |  1  2  3  4  5  6  7  8  9 10 11 12 13 |
---------------+----------------------------------------+-----
Transmutations | 1 2 3 4 5 |  5.0
Earth Magic    | 4 5 6 7 9 10 11 | 11.2
Fighting       | 1 2 3 4 5 6 7 |  7.0
Staves         | 1 2 3 4 5 6 |  6.0
Dodging        | 2 3 4 5 |  5.2
Armour         | 1 2 3 4 5 6 |  6.6
Spellcasting   | 3 4 5 6 7 8 |  8.4
Conjurations   | 1 2 3 4 5 6 8 |  8.5
Stealth        | 3 4 5 6 7 8 |  8.0
Fire Magic     | 1 3 4 |  4.4
Poison Magic   | 2 3 |  3.3
Evocations     | 1 3 |  3.4
Hexes          | 1 2 |  2.3

Action                   |  1- 3 |  4- 6 |  7- 9 | 10-12 | 13-15 || total
-------------------------+-------+-------+-------+-------+-------++-------
Melee: Unarmed           |    12 |       |       |       |       ||    12
       Staff             |     2 |    17 |    15 |    33 |     4 ||    71
       Punch             |     1 |       |       |       |       ||     1
       Rapier            |       |       |       |       |     8 ||     8
 Cast: Sandblast         |    48 |    76 |   105 |   119 |    12 ||   360
       Stone Arrow       |       |     6 |    42 |   244 |    54 ||   346
       Magic Dart        |       |       |     8 |       |       ||     8
       Foxfire           |       |       |     1 |    37 |     1 ||    39
       Scorch            |       |       |       |    16 |       ||    16
       Petrify           |       |       |       |     1 |       ||     1
Evoke: Wand              |       |       |     1 |     9 |       ||    10
  Use: Potion            |       |     3 |     5 |     8 |       ||    16
       Scroll            |       |       |       |    23 |     2 ||    25
Armor: Robe              |     8 |    17 |    17 |    77 |    22 ||   141
       Steam dragon scal |       |       |       |    16 |       ||    16
       Skin              |       |       |       |     2 |       ||     2
Dodge: Dodged            |    13 |    29 |    48 |   132 |    34 ||   256
Block: Other             |       |       |       |    38 |    13 ||    51
       Reflection        |       |       |       |     3 |     6 ||     9

Table legend: (Time is in decaauts)
 A = Elapsed time spent in this place.
 B = Non-inter-level travel time spent in this place.
 C = Inter-level travel time spent in this place.
 D = Time resting spent in this place.
 E = Time spent auto-exploring this place.
 F = Levels seen in this place.
 G = Mean time per level.
                   A        B        C        D        E       F      G
               +--------+--------+--------+--------+--------+-----+--------+
         Total |  16581 |  15992 |    589 |   2555 |  10805 |  14 | 1184.4 |
       Dungeon |  15674 |  15085 |    589 |   2509 |  10248 |  13 | 1205.7 |
      Gauntlet |    907 |    907 |      0 |     46 |    557 |   1 |  907.0 |
               +--------+--------+--------+--------+--------+-----+--------+

Top non-repeatable levels by time:
     D:8: 1915 daAuts
     D:6: 1577 daAuts
     D:7: 1504 daAuts
    D:10: 1350 daAuts
    D:12: 1294 daAuts
     D:2: 1208 daAuts
     D:9: 1153 daAuts
     D:5: 1096 daAuts
    D:11: 1094 daAuts
     D:3: 1050 daAuts
     D:1: 980 daAuts
Gauntlet: 907 daAuts
     D:4: 729 daAuts
    D:13: 717 daAuts
